 Dungeon Crawl Stone Soup version 0.28.0-53-g5a82cb258f (webtiles) character file.

Game seed: 14396864062746886026

56807 safid the Scorcher (level 14, -20/88 HPs)
             Began as a Gargoyle Earth Elementalist on Sept 1, 2022.
             Was a High Priest of Vehumet.
             Killed from afar by Frances (34 damage)
             ... with a shard of ice
             ... on level 12 of the Dungeon.
             The game lasted 00:56:05 (27793 turns).

safid the Scorcher (Gargoyle Earth Elementalist)   Turns: 27793, Time: 00:56:06

Health: -20/88     AC: 19    Str: 17    XL:     14   Next: 83%
Magic:  3/28       EV: 11    Int: 26    God:    Vehumet [*****.]
Gold:   2049       SH:  0    Dex:  6    Spells: 16/33 levels left

rFire   + + .      SeeInvis +   A - staff of conjuration
rCold   . . .      Faith    .   (no shield)
rNeg    + . .      Spirit   .   s - +1 robe of a treasure trove {+Blink rF++ Str+4 Dex-4}
rPois   ∞          Reflect  .   O - +0 helmet of Beogh's Fury {Fly rPois Will+}
rElec   +          Harm     .   I - +2 cloak of the Thief {*Fog Slay-2 SInv Stlth+}
rCorr   .          Rampage  .   E - +0 pair of gloves
Will    ++...                   q - +0 pair of boots
Stlth   ++........              G - amulet of regeneration
HPRegen 1.04/turn               p - ring of wizardry
MPRegen 0.21/turn               P - +6 ring of intelligence

@: flying
A: sickness immunity, AC +10, big wings, negative energy resistance 1,
electricity resistance, torment resistance 1, petrification resistance
a: Renounce Religion, Evoke Blink


You were on level 12 of the Dungeon.
You worshipped Vehumet.
Vehumet was extremely pleased with you.
You visited 4 branches of the dungeon, and saw 21 of its levels.

You collected 2547 gold pieces.
You spent 498 gold pieces at shops.

Inventory:

Missiles
 b - 4 curare-tipped darts
 c - 424 stones
 f - 10 javelins
Armour
 q - a +0 pair of boots (worn)
 s - the +1 robe of a treasure trove (worn) {+Blink rF++ Str+4 Dex-4}
   (You bought it in a shop on level 2 of the Orcish Mines)

   Str:       It affects your strength (+4).
   Dex:       It affects your dexterity (-4).
   rF:        It greatly protects you from fire.
   +Blink:    It lets you blink.
 E - a +0 pair of gloves (worn)
 I - the +2 cloak of the Thief (worn) {*Fog Slay-2 SInv Stlth+}
   (You acquired it on level 2 of the Lair of Beasts)

   It may release a thick cloud of smoke when the wearer is hurt.
   Slay:      It affects your accuracy & damage with ranged weapons and melee
   (-2).
   SInv:      It lets you see invisible.
   Stlth:     It makes you more stealthy.
 O - the +0 helmet of Beogh's Fury (worn) {Fly rPois Will+}
   (You found it on level 5 of the Lair of Beasts)

   rPois:     It protects you from poison.
   Fly:       It grants you flight.
   Will:      It increases your willpower.
Magical Staves
 A - a staff of conjuration (weapon)
Jewellery
 p - a ring of wizardry (left hand)
 G - an amulet of regeneration (around neck)
 P - a +6 ring of intelligence (right hand)
Wands
 a - a wand of acid (2)
 D - a wand of flame (19)
 F - a wand of iceblast (27)
 H - a wand of charming (5)
 L - a wand of digging (8)
 M - a wand of polymorph (15)
Scrolls
 d - 4 scrolls of enchant armour
 i - a scroll of identify
 n - 7 scrolls of magic mapping
 o - 5 scrolls of enchant weapon
 r - 3 scrolls of amnesia
 v - 5 scrolls of teleportation
 x - a scroll of silence {unknown}
 B - 3 scrolls of holy word
 K - a scroll of summoning {unknown}
 N - 2 scrolls of immolation {unknown}
Potions
 e - 2 potions of haste
 g - 4 potions of magic {unknown}
 h - a potion of degeneration {unknown}
 j - 7 potions of curing
 k - 4 potions of might
 l - a potion of lignification {unknown}
 m - 3 potions of brilliance
 u - 2 potions of cancellation
 z - 4 potions of mutation
 C - 2 potions of heal wounds {unknown}
 J - a potion of flight
Miscellaneous
 t - a condenser vane


   Skills:
 + Level 10.0 Fighting
 - Level 2.0 Dodging
 - Level 2.1 Stealth
 + Level 10.0 Spellcasting
 + Level 10.0 Conjurations
 - Level 1.0 Transmutations
 - Level 16.0 Fire Magic
 - Level 12.0 Earth Magic
 - Level 6.0 Evocations


You had 16 spell levels left.
You knew the following spells:

 Your Spells              Type           Power      Damage    Failure   Level
a - Sandblast             Erth           100%       2d20      1%          1
b - Stone Arrow           Conj/Erth      100%       3d13      1%          3
c - Fireball              Conj/Fire      44%        3d18      1%          5
d - Ignition              Fire           38%        3d11      4%          8

Your spell library contained the following spells:

 Spells                   Type           Power      Damage    Failure   Level
 Conjure Ball Lightning   Conj/Air       27%        3x3d8     10%         6
 Animate Skeleton         Necr           26%        N/A       1%          1
 Magic Dart               Conj           100%       1d8       1%          1
 Pain                     Necr           52%        1d6       1%          1
 Passwall                 Tmut/Erth      38%        N/A       1%          2
 Wereblood                Tmut           18%        N/A       1%          2
 Mephitic Cloud           Conj/Pois/Air  45%        N/A       1%          3
 Flame Wave               Conj/Fire      88%        2d15      1%          4
 Leda's Liquefaction      Hex/Erth       22%        N/A       1%          4
 Petrify                  Tmut/Erth      46%        N/A       1%          4
 Lightning Bolt           Conj/Air       27%        1d44      1%          5
 Call Imp                 Summ           13%        N/A       2%          2
 Airstrike                Air            6%         N/A       5%          4
 Call Canine Familiar     Summ           13%        N/A       6%          3
 Portal Projectile        Hex/Tloc       26%        N/A       6%          3
 Vampiric Draining        Necr           13%        2d6       6%          3
 Summon Lightning Spire   Summ/Air       13%        N/A       17%         4
 Blade Hands              Tmut           9%         N/A       32%         5
 Agony                    Necr           13%        N/A       43%         5
 Excruciating Wounds      Necr           6%         N/A       43%         5
 Summon Forest            Summ/Tloc      6%         N/A       43%         5
 Summon Mana Viper        Hex/Summ       13%        N/A       43%         5
 Eringya's Noxious Bog    Tmut/Pois      7%         N/A       45%         6
 Summon Cactus Giant      Summ           6%         N/A       93%         6
 Storm Form               Tmut/Air       7%         N/A       100%        7


Dungeon Overview and Level Annotations

Branches:
Dungeon (12/15)            Temple (1/1) D:7            Lair (6/6) D:10
  Swamp (0/4) Lair:3       Spider (0/4) Lair:3          Orc (2/2) D:11
    Elf (0/3) Orc:2
  Slime: Lair:5-6

Altars:
Ashenzari
Cheibriados
Dithmenos
Elyvilon
Fedhas
Gozag
Hepliaklqana
Kikubaaqudgha
Makhleb
Nemelex Xobeh
Okawaru
Qazlal
Ru
Sif Muna
Trog
Uskayaw
Vehumet
Wu Jian
Xom
Yredelemnul
Zin
The Shining One

Shops:
D:2 *   Orc:2 [*[[

Annotations:
D:7 1 runed translucent door, Crazy Yiuf
D:8 1 runed translucent door
D:10 exclusion: obsidian statue, Donald
D:12 Frances


Innate Abilities, Weirdness & Mutations

You are immune to sickness and miasma.
Your stone body is resilient. (AC +10)
You are immune to poison.
Your large and strong wings let you fly.
You resist negative energy. (rN+)
You are resistant to electric shocks. (rElec)
You are resistant to unholy torment.
You are immune to petrification.


Message History

Aim: Frances, wielding a +0 dire flail and wearing a +0 leather armour (heavily wounded, fast, 78% to hit)
You feel a surge of power!
The stone arrow misses Frances.
Frances chants phrases taken from a devil's mouth.
Frances hits you with a +0 dire flail!
With a swish of your cloak, you release a cloud of fog.
Casting: Stone Arrow (safe; 1% risk of failure)
Confirm with . or Enter, or press ? or * to list all spells.
Aiming: Sandblast (safe; 1% risk of failure)
Press: ? - help, Shift-Dir - straight line, f/p - Frances
Aim: Frances, wielding a +0 dire flail and wearing a +0 leather armour (black smoke, heavily wounded, fast, 84% to hit)
The blast of sand hits Frances!!
Frances is severely wounded.
Frances hits you with a +0 dire flail!
Casting: Sandblast (safe; 1% risk of failure)
Confirm with . or Enter, or press ? or * to list all spells.
Aiming: Sandblast (safe; 1% risk of failure)
Press: ? - help, Shift-Dir - straight line, f/p - Frances
Aim: Frances, wielding a +0 dire flail and wearing a +0 leather armour (black smoke, severely wounded, fast, 84% to hit)
The blast of sand hits Frances!
Frances is almost dead.
Frances mutters a nigh-unspeakable word.
Frances whispers indecipherable words.
The iron shot hits you!!
* * * LOW HITPOINT WARNING * * *
With a swish of your cloak, you release a cloud of fog.
Frances misses you.
Casting: Sandblast (safe; 1% risk of failure)
Confirm with . or Enter, or press ? or * to list all spells.
Aiming: Sandblast (safe; 1% risk of failure)
Press: ? - help, Shift-Dir - straight line, f/p - Frances
Aim: Frances, wielding a +0 dire flail and wearing a +0 leather armour (black smoke, almost dead, fast, 84% to hit)
The blast of sand hits Frances!
Frances is almost dead.
Frances hits you with a +0 dire flail!
* * * LOW HITPOINT WARNING * * *
With a swish of your cloak, you release a cloud of fog.
Frances drinks a potion.
Frances seems to grow stronger.
Frances whispers indecipherable words.
The shard of ice hits you!!
You die...

#.#.#.#.#.#.#.#..................
.#.#.#.#.#.#.#.....#.............
#.#.#.#.#.#.#.#....#.........>...
.#.#.#.#.#.#.#.#(................
#.#.#.#.#.#<#.#.####.......####..
.#.#.#.#.#[#.#†## #############.#
#.#.#.#.#.#.#.#.# #...........).#
.#.#.#.#.#.#<#.####§.§..........#
#.#.#.#.#.#.#.#§@§@4............#
.#.#.#.#.#.#.#§####§.§......)...#
#.#'#.#.#.#.#.#.####.###..§.....#
.#...#.#.#.#.#.....#.###...≈≈...#
.....'#.#.....#....#.5.....≈≈...#
.....#.#'....#'....#........≈...#
......#.#.....#....#...........##
.....####....##....#..@3.......#
.....# #....##....##..........#


You could see Frances (fast, strong).

Vanquished Creatures
  Nessos (Orc:2)
  4 hydras
  Erolcha (Orc:1)
  An ogre mage (Orc:2)
  A centaur warrior (Orc:1)
  2 boulder beetles
  5 two-headed ogres
  A tengu warrior (D:11)
  An orc high priest (D:11)
  Urug (Lair:4)
  Nergalle (Lair:1)
  Sonja (D:12)
  5 skeletal warriors
  4 orc knights
  2 harpies (Lair:6)
  Pikel (D:7)
  An orc sorcerer (Orc:1)
  2 ugly things
  2 deep elf pyromancers (D:12)
  3 slime creatures (D:11)
  A manticore (D:11)
  17 elephants
  2 cyclopes (D:12)
  3 black mambas
  10 cane toads
  Maggie (D:6)
  9 komodo dragons
  An efreet (D:11)
  A kobold demonologist (D:12)
  5 rime drakes
  2 trolls
  2 tyrant leeches (Lair:3)
  10 blink frogs
  2 meliai zombies
  4 wraiths
  2 wyverns
  38 yaks
  2 shadows
  11 vampire mosquitoes (D:12)
  3 steam dragons
  8 water moccasins
  A warg (Orc:2)
  An acid dragon (D:11)
  41 orc warriors
  A black bear (D:5)
  10 ogres
  13 centaurs
  2 lemures
  2 kobold brigands
  Blork the orc (D:6)
  11 bullfrogs
  A scorpion (D:4)
  A water moccasin skeleton (D:5)
  6 killer bees
  An electric eel (Lair:3)
  A howler monkey (D:11)
  3 centaur zombies
  4 hounds
  2 jellies
  A gnoll shaman (D:6)
  12 orc priests
  2 centaur skeletons
  Jessica (D:2)
  3 iguanas
  14 orc wizards
  6 hell rats (Lair:5)
  A hound zombie (D:5)
  Robin (D:2)
  4 gnolls (D:6)
  A howler monkey skeleton (D:5)
  6 adders
  A white imp (D:8)
  2 ufetubi
  2 adder skeletons (D:4)
  13 dart slugs
  3 worms
  52 orcs
  6 bats
  8 endoplasms
  5 giant cockroaches
  15 goblins
  8 hobgoblins
  2 quokkas
  5 ball pythons
  3 frilled lizards
  21 kobolds
  5 rats
  A spectral orc (D:8)
480 creatures vanquished.

Vanquished Creatures (others)
  2 bushes
  40 fungi
  66 plants
108 creatures vanquished.

Grand Total: 588 creatures vanquished

Notes
Turn   | Place    | Note
-------+----------+-------------------------------------------
     0 | D:1      | safid the Gargoyle Earth Elementalist began the quest for
                  | the Orb.
     0 | D:1      | Reached XP level 1. HP: 10/10 MP: 3/3
   218 | D:1      | Reached skill level 1 in Transmutations
   218 | D:1      | Reached XP level 2. HP: 16/16 MP: 3/5
   586 | D:1      | Reached skill level 1 in Fighting
   839 | D:1      | Reached XP level 3. HP: 9/20 MP: 4/6
  1627 | D:2      | Found a white marble altar of Elyvilon.
  1673 | D:2      | Found a faded altar of an unknown god.
  1673 | D:2      | Noticed an eye of devastation
  1676 | D:2      | Noticed a shining eye
  1676 | D:2      | Noticed a golden eye
  1676 | D:2      | Noticed a great orb of eyes
  1731 | D:2      | Noticed Robin
  1731 | D:2      | Noticed Jessica
  1737 | D:2      | Killed Jessica
  1738 | D:2      | Reached XP level 4. HP: 26/26 MP: 3/7
  1740 | D:2      | Killed Robin
  2050 | D:2      | Found Hawacuih's General Store.
  2091 | D:2      | Bought a scroll of identify for 22 gold pieces
  2091 | D:2      | Bought 2 scrolls of magic mapping for 77 gold pieces
  2322 | D:2      | Reached XP level 5. HP: 31/31 MP: 9/9
  2372 | D:2      | Got the Catalogue of Flames
  2389 | D:2      | Learned a level 3 spell: Stone Arrow
  2395 | D:2      | Learned a level 5 spell: Fireball
  2660 | D:3      | Reached skill level 5 in Earth Magic
  3720 | D:4      | Reached skill level 1 in Conjurations
  3720 | D:4      | Reached skill level 1 in Fire Magic
  3720 | D:4      | Reached XP level 6. HP: 32/37 MP: 11/11
  4004 | D:5      | Entered Level 5 of the Dungeon
  4318 | D:5      | Noticed a black bear
  4324 | D:5      | Killed a black bear
  4325 | D:5      | Reached XP level 7. HP: 42/42 MP: 8/12
  4331 | D:5      | Reached skill level 2 in Fire Magic
  4449 | D:5      | Found a stormy altar of Qazlal.
  4668 | D:5      | Found a snail-covered altar of Cheibriados.
  5546 | D:6      | Reached XP level 8. HP: 48/48 MP: 7/14
  5705 | D:6      | Reached skill level 3 in Fire Magic
  5925 | D:6      | Noticed Blork the orc
  5934 | D:6      | Killed Blork the orc
  6034 | D:6      | Noticed Maggie
  6156 | D:6      | Killed Maggie
  6157 | D:6      | Reached skill level 5 in Fighting
  6160 | D:6      | Got the Almanac of Transmutation
  6653 | D:7      | Noticed Pikel
  6781 | D:7      | Killed Pikel
  6782 | D:7      | Reached skill level 5 in Spellcasting
  6782 | D:7      | Reached skill level 4 in Fire Magic
  6782 | D:7      | Reached XP level 9. HP: 46/55 MP: 1/16
  6984 | D:7      | Found a staircase to the Ecumenical Temple.
  6997 | Temple   | Entered the Ecumenical Temple
  7253 | D:7      | Reached skill level 5 in Conjurations
  7343 | D:7      | Found a radiant altar of Vehumet.
  7351 | D:7      | You fall into a shaft and drop 2 floors!
  7399 | D:9      | Noticed a troll
  7409 | D:9      | Killed a troll
  7416 | D:9      | HP: 1/55 [something (22)]
  7759 | D:7      | Became a worshipper of Vehumet
  7767 | D:7      | Reached skill level 5 in Fire Magic
  8009 | D:7      | Found a runed translucent door.
  8010 | D:7      | Noticed Crazy Yiuf
  8718 | D:8      | Found a sacrificial altar of Ru.
  8826 | D:8      | Learned a level 8 spell: Ignition
  8951 | D:8      | Noticed a two-headed ogre
  8958 | D:8      | Killed a two-headed ogre
  9079 | D:8      | Reached XP level 10. HP: 61/61 MP: 16/19
  9166 | D:8      | Found a runed translucent door.
  9291 | D:8      | Found a basalt altar of Yredelemnul.
  9581 | D:8      | Reached skill level 6 in Fire Magic
 10035 | D:9      | Reached * piety under Vehumet
 10035 | D:9      | Offered knowledge of Freeze by Vehumet.
 10144 | D:9      | Found an iron altar of Okawaru.
 10144 | D:9      | Found a hazy altar of Hepliaklqana.
 10145 | D:9      | Found a sparkling altar of Nemelex Xobeh.
 10479 | D:10     | Entered Level 10 of the Dungeon
 10643 | D:10     | Found a staircase to the Lair.
 10811 | D:10     | Found a shimmering blue altar of Sif Muna.
 10893 | D:10     | Identified the ring "Gal Egag" {rPois rC+}
 10895 | D:10     | Noticed an obsidian statue
 10925 | D:10     | Reached XP level 11. HP: 68/68 MP: 4/21
 11569 | Lair:1   | Entered Level 1 of the Lair of Beasts
 11638 | Lair:1   | Reached skill level 7 in Fire Magic
 11676 | Lair:1   | Reached skill level 10 in Earth Magic
 11763 | Lair:1   | Noticed a four-headed hydra
 11768 | Lair:1   | Killed a four-headed hydra
 12008 | Lair:1   | Reached ** piety under Vehumet
 12094 | Lair:1   | Offered knowledge of Scorch by Vehumet.
 12279 | Lair:1   | Noticed a seven-headed hydra
 12287 | Lair:1   | Killed a seven-headed hydra
 12426 | Lair:1   | Reached skill level 8 in Fire Magic
 12512 | Lair:1   | Noticed Nergalle
 12519 | Lair:1   | Killed Nergalle
 13177 | Lair:2   | Reached XP level 12. HP: 77/77 MP: 17/24
 13753 | Lair:2   | Identified 2 scrolls of acquirement
 13755 | Lair:2   | Acquired the +2 cloak of the Thief {*Fog Slay-2 SInv
                  | Stlth+}
 13755 | Lair:2   | Found the +2 cloak of the Thief {*Fog Slay-2 SInv Stlth+}
 13757 | Lair:2   | Acquired a staff of conjuration
 13871 | Lair:3   | Found a hole to the Spider Nest.
 13888 | Lair:3   | Found a staircase to the Swamp.
 14861 | Lair:4   | Reached skill level 1 in Evocations
 14862 | Lair:4   | Noticed Urug
 14933 | Lair:4   | Killed Urug
 14934 | Lair:4   | Reached skill level 10 in Fighting
 15515 | Lair:4   | Reached skill level 9 in Fire Magic
 15602 | Lair:4   | Offered knowledge of Static Discharge by Vehumet.
 16078 | Lair:4   | Reached skill level 10 in Conjurations
 16092 | Lair:4   | Reached *** piety under Vehumet
 16405 | Lair:4   | Noticed a boulder beetle
 16419 | Lair:4   | Killed a boulder beetle
 16764 | Lair:5   | Noticed a six-headed hydra
 16775 | Lair:5   | Killed a six-headed hydra
 16907 | Lair:5   | Reached XP level 13. HP: 82/82 MP: 19/26
 17308 | Lair:5   | Identified the +0 helmet of Beogh's Fury {Fly rPois Will+}
 17471 | Lair:5   | Reached skill level 10 in Fire Magic
 18129 | Lair:5   | Offered knowledge of Olgreb's Toxic Radiance by Vehumet.
 18269 | Lair:6   | Entered Level 6 of the Lair of Beasts
 18274 | Lair:6   | Reached skill level 10 in Spellcasting
 18274 | Lair:6   | Reached skill level 5 in Evocations
 19107 | Lair:6   | Reached skill level 11 in Fire Magic
 19235 | Lair:6   | Noticed a dire elephant
 19565 | D:11     | Found a hide-covered altar of Uskayaw.
 19592 | D:11     | Found a staircase to the Orcish Mines.
 20125 | D:10     | Reached **** piety under Vehumet
 20456 | D:11     | Reached skill level 12 in Fire Magic
 20906 | D:11     | Offered knowledge of Freezing Cloud by Vehumet.
 21293 | D:11     | Gained mutation: Your large and strong wings let you fly.
                  | [Gargoyle growth]
 21293 | D:11     | Reached XP level 14. HP: 87/88 MP: 16/28
 21467 | Orc:1    | Entered Level 1 of the Orcish Mines
 21593 | Orc:1    | Noticed Erolcha
 21787 | D:11     | Reached skill level 13 in Fire Magic
 21961 | Orc:1    | Killed Erolcha
 22552 | Orc:2    | Entered Level 2 of the Orcish Mines
 22552 | Orc:2    | Noticed Donald
 23010 | Orc:2    | Reached skill level 14 in Fire Magic
 24210 | Orc:2    | Reached ***** piety under Vehumet
 24389 | Orc:2    | Found Iprommy's Antique Armour Boutique.
 24389 | Orc:2    | Found Cokof's General Store.
 24389 | Orc:2    | Found Wuupam's Antique Armour Emporium.
 24392 | Orc:2    | Found Ocvulaf's Antique Armour Shop.
 24404 | Orc:2    | Bought a bloodstained robe for 119 gold pieces
 24404 | Orc:2    | Identified the +1 robe of a treasure trove {+Blink rF++
                  | Str+4 Dex-4} (You bought it in a shop on level 2 of the
                  | Orcish Mines)
 24424 | Orc:2    | Offered knowledge of Conjure Ball Lightning by Vehumet.
 24522 | Orc:2    | Noticed Nessos
 24643 | Orc:2    | Killed Nessos
 25260 | Orc:2    | Found a staircase to the Elven Halls.
 25419 | Orc:2    | Reached skill level 15 in Fire Magic
 25959 | Orc:2    | Bought 2 potions of haste for 280 gold pieces
 27057 | D:12     | Noticed Sonja
 27148 | D:12     | Killed Sonja
 27663 | D:12     | Reached skill level 16 in Fire Magic
 27768 | D:12     | Noticed Frances
 27793 | D:12     | Killed from afar by Frances

Illustrated notes

Levels and vault maps discovered:
D:1:      shiori_arrival_maze, layout_basic, skrybe_limestone_x
D:2:      kennysheep_six_static_rooms, layout_basic, basic_altar,
          hellmonk_ecumenical_altar_watching_god, serial_shops, shop,
          minmay_hexomino_f4, uniq_robin, uniq_jessica
D:3:      kennysheep_slugbush, layout_loops_ring
D:4:      layout_rooms, serial_bayou_crossing
D:5:      layout_gridville, kennysheep_little_box, slow_altar_1,
          hangedman_abyss_or_decor_slice, wad_floor_pattern_2
D:6:      layout_basic, uniq_blork_the_orc, uniq_maggie
D:7:      layout_basic, mainiacjoe_overflow_tiny_flanked,
          minmay_temple_entry_junction_2, uniq_crazy_yiuf_cottage, uniq_pikel
D:8:      layout_rooms, kennysheep_mini_moat,
          yredelemnul_forgotten_temple_becter,
          nicolae_concentric_dashed_squares_mild, lightli_church_of_beogh
D:9:      layout_rooms, gammafunk_temple_overflow_claw
D:10:     layout_gridville, mainiacjoe_overflow_catwalk, lair_entry_dummy,
          minivault_23, minivault_15
D:11:     minmay_curly_fans, layout_gridville, orc_0_dummy,
          dancing_weapons_uskayaw
D:12:     layout_basic, uniq_frances, uniq_sonja
Temple:   cyrus_circular_temple
Lair:1:   layout_roguey, lemuel_fruit_tree, serial_bayou_shore_b, uniq_nergalle
Lair:2:   layout_regular_city
Lair:3:   layout_regular_city, minmay_swamp_entry_worms,
          spider_nest_entry_web_field, infiniplex_staircase_pool,
          lemuel_fruit_fields
Lair:4:   layout_cave_pods, uniq_urug
Lair:5:   layout_regular_city
Lair:6:   gammafunk_lair_ancient_temple, layout_misc_corridors, slime_altar_1,
          serial_bayou_lake_a
Orc:1:    layout_caves, uniq_erolcha
Orc:2:    st_orc_rangers, layout_caves, uniq_nessos, uniq_donald

Skill      XL: |  1  2  3  4  5  6  7  8  9 10 11 12 13 14 |
---------------+-------------------------------------------+-----
Transmutations | 1 |  1.0
Fighting       | 1 2 3 4 5 6 8 9 10 | 10.0
Dodging        | 2 |  2.0
Earth Magic    | 4 5 6 7 8 9 10 11 12 | 12.0
Spellcasting   | 3 4 5 6 7 8 9 10 | 10.0
Conjurations   | 1 2 3 4 6 7 9 10 | 10.0
Fire Magic     | 1 2 4 5 6 8 9 12 16 | 16.0
Evocations     | 4 6 |  6.0
Stealth        | |  2.1

Action                   |  1- 3 |  4- 6 |  7- 9 | 10-12 | 13-15 || total
-------------------------+-------+-------+-------+-------+-------++-------
Melee: Whip              |    37 |    12 |       |       |       ||    49
       Unarmed           |     4 |       |       |       |       ||     4
       Punch             |     1 |     3 |       |     1 |       ||     5
       Club              |       |   132 |    93 |   101 |       ||   326
       Staff             |       |       |       |    15 |    30 ||    45
 Cast: Sandblast         |    21 |    14 |    36 |    82 |    53 ||   206
       Stone Arrow       |       |       |    54 |   220 |   540 ||   814
       Fireball          |       |       |       |       |     1 ||     1
       Ignition          |       |       |       |       |     1 ||     1
  Use: Scroll            |       |       |    12 |     9 |     8 ||    29
       Potion            |       |       |     1 |     2 |     5 ||     8
 Stab: Sleeping          |     5 |     7 |     3 |       |       ||    15
Armor: Robe              |     9 |    50 |    78 |   152 |   234 ||   523
Dodge: Dodged            |    33 |    84 |   104 |   201 |   369 ||   791
Block: Other             |       |       |    20 |       |       ||    20
       Reflection        |       |       |     1 |       |       ||     1
